 Dungeon Crawl Stone Soup version 0.30-a0-643-g638baaf3f0 (webtiles) character file.

Game seed: 4681108665065467664

16741 Rrauwl the Barachian Blade (level 12, -2/87 HPs)
             Began as a Barachi Fighter on Jan 16, 2023.
             Was an Elder of Ashenzari.
             Killed from afar by an electric eel (10 damage)
             ... with a bolt of electricity
             ... on level 2 of the Lair of Beasts.
             The game lasted 00:35:42 (12744 turns).

Rrauwl the Barachian Blade (Barachi Fighter)       Turns: 12744, Time: 00:35:43

Health: -2/87      AC: 13    Str: 23    XL:     12   Next: 40%
Magic:  0/12       EV: 11    Int:  7    God:    Ashenzari [****..]
Gold:   764        SH:  0    Dex: 14    Spells: 11/11 levels left

rFire   + + .      SeeInvis +    s - +4 triple sword "Morality of Ashenzari" {drain, Fort, Comp} (curse)
rCold   + . .      Faith    .    (shield currently unavailable)
rNeg    . . .      Spirit   +    F - +1 acid dragon scales of the Perceptive Sphere {rCorr, Bglg, Alch} (curse)
rPois   .          Reflect  .    k - +0 hat
rElec   .          Harm     .    j - +0 cloak
rCorr   +          Rampage  .    y - +0 pair of gloves
Will    .....      Clarity  +    f - +0 pair of boots
Stlth   +                        e - amulet "Shattered Together" {Spirit, Bglg, Range} (curse)
HPRegen 0.34/turn                i - ring "I Knew You'd Do That" {SInv, Bglg, Alch} (curse)
MPRegen 0.13/turn                D - ring of the Mantic Omission {rF+ rC+ Int-2 Dex+3, Evo, Self} (curse)

@: slow
A: amphibious, slowness 1, strong legs 1, +LOS, antennae 1, clarity, fire
resistance 1
a: Hop, Renounce Religion, Curse Item, Shatter the Chains


You were on level 2 of the Lair of Beasts.
You worshipped Ashenzari.
Ashenzari was greatly pleased with you.
You visited 2 branches of the dungeon, and saw 13 of its levels.

You collected 764 gold pieces.

Inventory:

Hand Weapons
 s - the cursed +4 triple sword "Morality of Ashenzari" (weapon) {drain, Fort, Comp}
   (You acquired it on level 4 of the Dungeon)

   It has a curse which improves the following skills: Fortitude: Armour and
   Shields.
   Companions: Summonings and Necromancy.
Missiles
 n - 2 throwing nets
 A - 22 poisoned darts
 C - 3 curare-tipped darts
Armour
 f - a +0 pair of boots (worn)
 j - a +0 cloak (worn)
 k - a +0 hat (worn)
 w - a +0 helmet
 y - a +0 pair of gloves (worn)
 F - the cursed +1 acid dragon scales of the Perceptive Sphere (worn) {rCorr, Bglg, Alch}
   (You found it on level 9 of the Dungeon)

   rCorr:     It protects you from acid and corrosion.
   It has a curse which improves the following skills: Beguiling: Conjurations,
   Hexes and Translocations.
   Alchemy:   Poison Magic and Transmutations.
Jewellery
 e - the cursed amulet "Shattered Together" (around neck) {Spirit, Bglg, Range}
   (You found it on level 3 of the Dungeon)

   [amulet of guardian spirit]

   It causes incoming damage to be divided between your reserves of health and
   magic.
   It has a curse which improves the following skills: Beguiling: Conjurations,
   Hexes and Translocations.
   Ranged Combat: Ranged Weapons and Throwing.
 i - the cursed ring "I Knew You'd Do That" (left hand) {SInv, Bglg, Alch}
   (You found it on level 1 of the Dungeon)

   [ring of see invisible]

   SInv:      It lets you see invisible.
   It has a curse which improves the following skills: Beguiling: Conjurations,
   Hexes and Translocations.
   Alchemy:   Poison Magic and Transmutations.
 D - the cursed ring of the Mantic Omission (right hand) {rF+ rC+ Int-2 Dex+3, Evo, Self}
   (You found it on level 9 of the Dungeon)

   [ring of protection from fire]

   Int:       It affects your intelligence (-2).
   Dex:       It affects your dexterity (+3).
   rF:        It protects you from fire.
   rC:        It protects you from cold.
   It has a curse which improves the following skills: Evocations: Evocations.
   Introspection: Fighting and Spellcasting.
Wands
 a - a wand of polymorph (10)
 d - a wand of charming (7)
Scrolls
 b - 2 scrolls of poison
 c - a scroll of amnesia
 h - 2 scrolls of magic mapping
 l - 2 scrolls of vulnerability
 m - 4 scrolls of fog
 p - 2 scrolls of immolation
 q - a scroll of silence
 t - a scroll of fear
 u - 4 scrolls of blinking
Potions
 g - 2 potions of heal wounds
 o - a potion of flight
 r - a potion of resistance
 z - a potion of brilliance
 G - 2 potions of lignification
 H - a potion of curing
 I - a potion of ambrosia


   Skills:
 - Level 4.0(5.8) Fighting
 - Level 22.0 Long Blades
 + Level 6.6(8.6) Armour
 - Level 4.0(5.8) Shields


You had 11 spell levels left.
You didn't know any spells.
Your spell library contained the following spells:

 Spells                   Type           Power      Damage    Failure   Level
 Magic Dart               Conj           0%         1d3       41%         1
 Blink                    Tloc           0%         N/A       54%         2
 Lesser Beckoning         Tloc           0%         N/A       54%         2
 Call Imp                 Summ           0%         N/A       58%         2
 Tukima's Dance           Hex            0%         N/A       78%         3
 Mephitic Cloud           Conj/Pois/Air  0%         N/A       82%         3
 Passage of Golubria      Tloc           0%         N/A       99%         4
 Summon Forest            Summ/Tloc      0%         N/A       100%        5
 Summon Mana Viper        Hex/Summ       0%         N/A       100%        5
 Yara's Violent Unravell  Hex/Tmut       0%         3d3       100%        5
 Summon Cactus Giant      Summ           0%         N/A       100%        6
 Malign Gateway           Summ/Tloc      0%         N/A       100%        7


Dungeon Overview and Level Annotations

Branches:
Dungeon (11/15)            Temple (0/1) D:5            Lair (2/5) D:8
    Orc (0/2) D:9
  Swamp: Lair:2-3    Shoals: Lair:2-3     Snake: Lair:2-3    Spider: Lair:2-3

Altars:
Ashenzari
Makhleb
Ru
Xom
Yredelemnul
Zin

Annotations:
D:7 1 runed translucent door


Innate Abilities, Weirdness & Mutations

You are amphibious.
You cover ground slowly.
You can hop short distances.
You have an extended range of vision and can be seen from far away.
You have a pair of small antennae on your head.
You possess an exceptional clarity of mind.
Your flesh is heat resistant. (rF+)


Message History

You turn to flesh and can move again.
You slash the cane toad! You drain the cane toad!
The cane toad is severely wounded.
You closely miss the cane toad.
The cane toad is severely wounded.
The cane toad closely misses you.
The electric eel shoots out a bolt of lightning at you!
The bolt of electricity hits you!
You slice the cane toad!!
You kill the cane toad!
The electric eel shoots out a bolt of lightning at you!
The bolt of electricity misses you.
The electric eel shoots out a bolt of lightning at you!
The bolt of electricity hits you.
Okay, then.
The basilisk hisses menacingly.
The electric eel shoots out a bolt of lightning at you!
The bolt of electricity hits you!
Found 4 curare-tipped darts.
The electric eel shoots out a bolt of lightning at you!
The bolt of electricity misses you.
The electric eel shoots out a bolt of lightning at you!
The bolt of electricity hits the electric eel.
The electric eel completely resists.
The bolt of electricity hits you!
* * * LOW HITPOINT WARNING * * *
The electric eel shoots out a bolt of lightning at you!
The bolt of electricity hits the electric eel.
The electric eel completely resists.
The bolt of electricity misses you.
You slice the electric eel!!
You kill the electric eel!
You hear a splash.
The electric eel shoots out a bolt of lightning at you!
The bolt of electricity hits you!
* * * LOW HITPOINT WARNING * * *
The electric eel shoots out a bolt of lightning at you!
The bolt of electricity hits you!
* * * LOW HITPOINT WARNING * * *
The electric eel shoots out a bolt of lightning at you!
The bolt of electricity hits you!
You die...

***.###.... .#* ... ,
+.#.....* ##.## #..#* ,
........###...###..# ,
,,,..............P##..#
*,, ..............###..#
, * ,,
..............##P..# ,*,
...≈≈≈...§...###...# ,
..≈≈≈≈S..§§§###.P..# ,
,,.≈≈..≈S†@.§§§......# ,
,, .≈≈.[lS..§§§.§.....#
, ~≈≈≈..≈..§§§§......###
, ,, ,,
.~≈≈?>≈..§§..........# ,
,
,...≈≈≈≈.............##
, ,
,.(..≈...............# ,
,,,...........####.P#.##
, ,.............##.##.#
..........#........#


You could see a basilisk and 3 electric eels.

Vanquished Creatures
  Gastronok (Lair:1)
  A death yak (Lair:1)
  A manticore (D:8)
  5 elephants (Lair:1)
  Maurice (D:9)
  A cane toad (Lair:2)
  Psyche (D:9)
  A komodo dragon (D:11)
  2 kobold demonologists
  2 trolls (D:11)
  Prince Ribbit (D:6)
  5 dream sheep (Lair:1)
  Sigmund (D:2)
  2 wyverns
  2 shadows
  A basilisk (Lair:1)
  17 yaks
  Grum (D:8)
  A steam dragon (D:7)
  3 acid dragons
  6 water moccasins
  Duvessa (D:6)
  4 orc warriors
  2 black bears
  An ice beast (D:6)
  12 wolves
  2 centaurs
  3 ogres
  A phantom (D:4)
  4 kobold brigands
  4 bullfrogs
  2 scorpions
  18 wights
  Dowan (D:6)
  6 killer bees
  4 howler monkeys
  An electric eel (Lair:2)
  3 jellies
  3 orc priests
  3 hounds
  2 iguanas
  17 orc wizards
  5 gnolls
  7 adders
  2 shadow imps
  3 worms
  5 dart slugs
  54 orcs
  10 endoplasms
  3 giant cockroaches
  9 goblins
  6 hobgoblins
  8 jackals
  9 quokkas
  4 ball pythons
  11 bats
  4 frilled lizards
  16 kobolds
  7 rats
313 creatures vanquished.

Vanquished Creatures (others)
  An orc wizard (D:10)
  9 fungi (Lair:1)
  5 plants
15 creatures vanquished.

Grand Total: 328 creatures vanquished

Notes
Turn   | Place    | Note
-------+----------+-------------------------------------------
     0 | D:1      | Rrauwl the Barachi Fighter began the quest for the Orb.
     0 | D:1      | Reached XP level 1. HP: 18/18 MP: 1/1
    79 | D:1      | Reached XP level 2. HP: 25/25 MP: 2/2
   292 | D:1      | Reached skill level 3 in Long Blades
   292 | D:1      | Reached XP level 3. HP: 30/30 MP: 3/3
   992 | D:2      | Reached XP level 4. HP: 34/37 MP: 4/4
  1050 | D:2      | Reached skill level 4 in Long Blades
  1245 | D:2      | Noticed Sigmund
  1265 | D:2      | Killed Sigmund
  1266 | D:2      | Reached skill level 6 in Long Blades
  1266 | D:2      | Reached XP level 5. HP: 30/42 MP: 5/5
  1266 | D:2      | Reached XP level 6. HP: 34/48 MP: 6/6
  1505 | D:2      | Found a faded altar of an unknown god.
  1794 | D:2      | Prayed at the altar of an unknown god.
  1794 | D:2      | Became a worshipper of Ashenzari the Shackled
  2204 | D:3      | Reached skill level 7 in Long Blades
  2285 | D:3      | Reached * piety under Ashenzari
  2858 | D:4      | Identified Golubria's Excursus on Space
  2936 | D:4      | Reached skill level 8 in Long Blades
  2965 | D:4      | Reached XP level 7. HP: 54/54 MP: 7/7
  3112 | D:4      | Identified a scroll of acquirement
  3122 | D:4      | Acquired a +4 triple sword of draining
  3211 | D:4      | Found a glowing silver altar of Zin.
  3271 | D:4      | Reached ** piety under Ashenzari
  3447 | D:5      | Entered Level 5 of the Dungeon
  3455 | D:5      | Found a staircase to the Ecumenical Temple.
  3483 | D:5      | Reached skill level 9 in Long Blades
  3687 | D:5      | Reached skill level 10 in Long Blades
  3757 | D:5      | Reached XP level 8. HP: 60/60 MP: 8/8
  4248 | D:5      | Reached skill level 11 in Long Blades
  4539 | D:6      | Reached skill level 12 in Long Blades
  4634 | D:6      | Noticed Prince Ribbit
  4659 | D:6      | Killed Prince Ribbit
  4732 | D:6      | Identified the +8 spear of the Growing Gods {pain, *Noise
                  | rF+ MP+9 Int+2}
  4746 | D:6      | Gained mutation: Your body sometimes deteriorates upon
                  | taking damage. [potion of mutation]
  4746 | D:6      | Gained mutation: You occasionally lose the ability to read
                  | scrolls when taking damage. [potion of mutation]
  4746 | D:6      | Gained mutation: You are resistant to electric shocks.
                  | (rElec) [potion of mutation]
  4746 | D:6      | Gained mutation: You possess an exceptional clarity of
                  | mind. [potion of mutation]
  4881 | D:6      | Reached XP level 9. HP: 56/65 MP: 6/9
  4966 | D:6      | Noticed Duvessa
  4969 | D:6      | Killed Duvessa
  4969 | D:6      | Noticed Dowan
  4970 | D:6      | Reached skill level 13 in Long Blades
  4974 | D:6      | Killed Dowan
  5264 | D:7      | Found a runed translucent door.
  5265 | D:7      | Found a burning altar of Makhleb.
  5265 | D:7      | Noticed a sixfirhy
  5452 | D:7      | Reached skill level 14 in Long Blades
  6309 | D:8      | Noticed Grum
  6319 | D:8      | Reached skill level 15 in Long Blades
  6319 | D:8      | HP: 3/65 [Grum/+0 halberd (19)]
  6325 | D:8      | Killed Grum
  6614 | D:8      | Noticed a manticore
  6654 | D:8      | Reached XP level 10. HP: 55/71 MP: 5/10
  6725 | D:8      | Reached skill level 16 in Long Blades
  6963 | D:8      | Killed a manticore
  7197 | D:8      | Reached skill level 17 in Long Blades
  7264 | D:8      | Lost mutation: Your body sometimes deteriorates upon taking
                  | damage. [potion of mutation]
  7264 | D:8      | Lost mutation: You possess an exceptional clarity of mind.
                  | [potion of mutation]
  7264 | D:8      | Gained mutation: Your flesh is heat resistant. (rF+)
                  | [potion of mutation]
  7323 | D:8      | Found a staircase to the Lair.
  7653 | D:9      | Found a staircase to the Orcish Mines.
  7696 | D:9      | Reached skill level 18 in Long Blades
  7841 | D:9      | Identified the ring of Serendipity {rF+ rC+ Int-2 Dex+3}
  7869 | D:9      | Reached *** piety under Ashenzari
  7888 | D:9      | Identified the +4 ring mail "Wet Unlu" {rN+}
  8054 | D:9      | Noticed Maurice
  8276 | D:9      | Killed Maurice
  8359 | D:9      | Reached XP level 11. HP: 71/80 MP: 11/11
  8711 | D:9      | Reached skill level 19 in Long Blades
  8814 | D:9      | Noticed Psyche
  8821 | D:9      | Killed Psyche
  9155 | D:10     | Entered Level 10 of the Dungeon
  9319 | D:10     | Lost mutation: You are resistant to electric shocks.
                  | (rElec) [potion of mutation]
  9319 | D:10     | Lost mutation: You occasionally lose the ability to read
                  | scrolls when taking damage. [potion of mutation]
  9319 | D:10     | Gained mutation: You have a pair of small antennae on your
                  | head. [potion of mutation]
  9319 | D:10     | Gained mutation: You possess an exceptional clarity of
                  | mind. [potion of mutation]
  9541 | D:10     | Found a shimmering altar of Xom.
  9546 | D:10     | Found a basalt altar of Yredelemnul.
  9907 | D:10     | Reached **** piety under Ashenzari
 10544 | D:11     | Reached skill level 20 in Long Blades
 11152 | D:11     | Found a sacrificial altar of Ru.
 11540 | Lair:1   | Entered Level 1 of the Lair of Beasts
 11838 | Lair:1   | Noticed Gastronok
 11851 | Lair:1   | Killed Gastronok
 11852 | Lair:1   | Reached skill level 21 in Long Blades
 11863 | Lair:1   | Reached XP level 12. HP: 64/87 MP: 9/12
 12060 | Lair:1   | Reached skill level 22 in Long Blades
 12294 | Lair:1   | Noticed a death yak
 12312 | Lair:1   | Killed a death yak
 12313 | Lair:1   | Reached skill level 5 in Armour
 12744 | Lair:2   | Killed from afar by an electric eel

Illustrated notes

Levels and vault maps discovered:
D:1:      dpeg_arrival_shrine, layout_basic, nrook_campfire
D:2:      layout_loops_corners, ebering_ecumenical_altar_mist, uniq_sigmund
D:3:      minmay_skewed_foursquare, layout_loops_ring
D:4:      layout_loops_cross, kennysheep_mini_moat
D:5:      minmay_inner_zag, layout_rooms, temple_doors_e,
          nicolae_zen_rock_garden, saegor_snake_ambush
D:6:      layout_basic, uniq_prince_ribbit1, uniq_duvessa
D:7:      nicolae_cairo_tiling_large_dashed, layout_layer_cave,
          nzn_makhleb_speed_demon, hangedman_decor_push
D:8:      minmay_clustersquares, layout_gridville, lair_entry_dummy, uniq_grum
D:9:      layout_cave_pods, david_orc_2, uniq_psyche, uniq_maurice
D:10:     layout_layer_cave, mainiacjoe_overflow_big_doors
D:11:     layout_basic, hangedman_ru_absence
Lair:1:   layout_gridlike, lemuel_fruit_tree, uniq_gastronok
Lair:2:   layout_regular_city, minmay_swamp_entry_reptiles,
          dreamdust_deal_with_the_devil, disabler_island

Skill      XL: |  1  2  3  4  5  6  7  8  9 10 11 12 |
---------------+-------------------------------------+-----
Fighting       | 4 |  4.0
Armour         | 4 6 |  6.6
Long Blades    | 3 6 8 10 12 15 18 21 22 | 22.0
Shields        | 4 |  4.0

Action                   |  1- 3 |  4- 6 |  7- 9 | 10-12 || total
-------------------------+-------+-------+-------+-------++-------
Melee: Long sword        |    39 |    41 |     8 |       ||    88
       Dagger            |    75 |   171 |       |       ||   246
       Triple sword      |       |       |   227 |   418 ||   645
Throw: Dart              |       |       |       |     5 ||     5
Invok: Curse Item        |       |     2 |     1 |     2 ||     5
Evoke: Wand              |       |       |       |     1 ||     1
  Use: Scroll            |     4 |     2 |     1 |     4 ||    11
       Potion            |     3 |       |     6 |     4 ||    13
Armor: Scale mail        |    48 |    65 |       |       ||   113
       Plate armour      |       |    10 |   166 |   168 ||   344
       Skin              |       |       |       |     1 ||     1
       Acid dragon scale |       |       |       |    78 ||    78
Dodge: Dodged            |    53 |    64 |    77 |   166 ||   360
Block: Buckler           |    23 |    26 |     2 |       ||    51

Table legend: (Time is in decaauts)
 A = Elapsed time spent in this place.
 B = Non-inter-level travel time spent in this place.
 C = Inter-level travel time spent in this place.
 D = Time resting spent in this place.
 E = Time spent auto-exploring this place.
 F = Levels seen in this place.
 G = Mean time per level.
                   A        B        C        D        E       F      G
               +--------+--------+--------+--------+--------+-----+--------+
         Total |  14376 |  13713 |    663 |    237 |  11200 |  13 | 1105.8 |
       Dungeon |  13070 |  12414 |    656 |    237 |  10121 |  11 | 1188.2 |
          Lair |   1305 |   1298 |      7 |      0 |   1078 |   2 |  652.5 |
               +--------+--------+--------+--------+--------+-----+--------+

Top non-repeatable levels by time:
     D:9: 1779 daAuts
     D:8: 1430 daAuts
    D:10: 1368 daAuts
    D:11: 1240 daAuts
  Lair:1: 1238 daAuts
     D:7: 1232 daAuts
     D:5: 1167 daAuts
     D:2: 1111 daAuts
     D:3: 989 daAuts
     D:1: 960 daAuts
     D:4: 897 daAuts
     D:6: 894 daAuts
  Lair:2: 67 daAuts
